AoeStats
← [RAT] G0rm

African Clearing

506727475Analyzed
3v3 RM · 18d ago on Sep 14, 2026· 42m 41s· 6 players
Game mode
Random Map
Map size
Normal (6 player)
Population
200
Speed
Normal
Resources
Standard
Victory
Conquest
Starting age
Dark Age
Ending age
Imperial Age
RankedLock teamsTeams togetherTeam positionsShared explorationLock speedFull tech treeHidden civsTurbo modeCheats
Victory
Defeat
🇺🇸 Wei · United States
1617
+12
🇳🇱 Byzantines · Netherlands
1539
+15
🇷🇴 Slavs · Romania
1533
+15
🇦🇷 Magyars · Argentina
1551
-15
🇦🇷 Persians · Argentina
1537
-15
🇦🇷 Huns · Argentina
1476
-12
Wololooo
6:06 Loom
12:18 Feudal Age
12:53 Double-Bit Axe
16:16 Wheelbarrow
20:52 Horse Collar
25:19 Town Watch
28:45 Castle Age
30:12 Scale Barding Armor
TM bariloco
10:43 Loom
13:12 Feudal Age
16:55 Castle Age
14:42 Double-Bit Axe
17:24 Fletching
18:00 Bodkin Arrow
29:30 Padded Archer Armor
31:46 Bow Saw
32:40 Horse Collar
34:53 Ballistics
38:19 Husbandry
38:30 Bloodlines
42:17 Imperial Age
40:32 Scale Barding Armor
Cucurreu
5:56 Loom
12:30 Feudal Age
14:06 Town Watch
15:48 Double-Bit Axe
23:21 Castle Age
21:53 Scale Barding Armor
22:55 Bloodlines
22:45 Gold Mining
27:01 Horse Collar
29:23 Wheelbarrow
29:07 Husbandry
35:30 Chain Barding Armor
39:11 Forging
[RAT] Havik_AoE
3:28 Loom
11:46 Feudal Age
14:39 Fletching
14:38 Double-Bit Axe
23:00 Castle Age
21:57 Padded Archer Armor
23:44 Bodkin Arrow
23:09 Crossbowman
23:15 Crossbowman
30:55 Ballistics
37:00 Wheelbarrow
36:36 Bow Saw
38:39 Thumb Ring
42:44 Imperial Age
41:16 Leather Archer Armor
[RAT] G0rm
9:48 Loom
12:34 Feudal Age
13:09 Double-Bit Axe
14:57 Horse Collar
15:46 Forging
17:47 Scale Barding Armor
23:03 Wheelbarrow
26:52 Castle Age
27:12 Light Cavalry
28:03 Bloodlines
27:53 Husbandry
33:10 Chain Barding Armor
36:36 Iron Casting
40:06 Imperial Age
38:50 Man-at-Arms
39:55 Scale Mail Armor
40:59 Bow Saw
40:30 Long Swordsman
40:42 Capped Ram
41:13 Two-Handed Swordsman
42:10 Chain Mail Armor
42:56 Blast Furnace
[RAT] Spencer
4:28 Loom
11:43 Feudal Age
12:38 Double-Bit Axe
12:58 Horse Collar
18:51 Town Watch
19:38 Gold Mining
19:38 Stone Mining
20:33 Scale Barding Armor
21:32 Fletching
27:15 Castle Age
27:07 Forging
27:09 Bloodlines
28:09 Bow Saw
28:21 Chain Barding Armor
34:50 Pikeman
38:32 Squires
39:14 Scale Mail Armor
Connection lost

Rejoining the realm…

Still unreachable

The connection could not be restored.

Session expired

The server has moved on; the page needs a fresh start.